 Dungeon Crawl Stone Soup version 0.21.0-37-g46506fa (webtiles) character file.

220 Zhenya24pyc the Cudgeler (level 5, 0/34 HPs)
             Began as a Gargoyle Fighter on Jan 31, 2018.
             Slain by an adder (1 damage)
             ... on level 4 of the Dungeon.
             The game lasted 00:09:39 (2330 turns).

Zhenya24pyc the Cudgeler (Gargoyle Fighter)         Turns: 2330, Time: 00:09:39

Health: 0/34       AC: 12    Str: 20    XL:     5   Next: 97%
Magic:  5/5        EV:  7    Int: 11    God:
Gold:   203        SH:  9    Dex:  9    Spells: 4/4 levels left

rFire    . . .     SeeInvis .   a - +0 flail
rCold    . . .     Gourm    +   c - +0 shield
rNeg     + . .     Faith    .   b - +0 scale mail
rPois    ∞         Spirit   .   (no helmet)
rElec    +         Reflect  .   (no cloak)
rCorr    .         Harm     .   r - +0 pair of gloves
MR       .....                  (no boots)
Stlth    ..........             j - amulet of the gourmand
HPRegen  0.11/turn              l - +2 ring of intelligence
MPRegen  0.09/turn              (no ring)

@: no status effects
A: negative energy resistance 1, electricity resistance, unbreathing,
petrification resistance, rot immunity, AC +4
a: no special abilities


You were on level 4 of the Dungeon.
You were completely stuffed.

You visited 1 branch of the dungeon, and saw 4 of its levels.

You collected 203 gold pieces.

Inventory:

Hand Weapons
 a - a +0 flail (weapon)
Armour
 b - a +0 scale mail (worn)
 c - a +0 shield (worn)
 r - a +0 pair of gloves (worn)
Jewellery
 j - an amulet of the gourmand (around neck)
 l - a +2 ring of intelligence (left hand)
 u - a +3 ring of strength {unknown}
Scrolls
 e - a scroll of random uselessness {unknown}
 g - a scroll of enchant armour {unknown}
 h - 6 scrolls of identify {unknown}
 i - 2 scrolls of immolation {unknown}
 k - 2 scrolls of blinking {unknown}
 n - 3 scrolls of magic mapping {unknown}
 p - a scroll of remove curse {unknown}
Potions
 d - a potion of might
 m - 4 potions of curing {unknown}
 o - 2 potions of heal wounds {unknown}
 q - a potion of mutation {unknown}
 s - a potion of haste {unknown}
 t - a potion of agility {unknown}
Comestibles
 f - 6 rations


   Skills:
 + Level 4.8 Fighting
 * Level 5.0 Maces & Flails
 - Level 3.2 Armour
 - Level 3.2 Shields


You had 4 spell levels left.
You didn't know any spells.

Dungeon Overview and Level Annotations

Branches:
Dungeon (4/15)
 Temple: D:4-7

Altars:
Elyvilon
Nemelex Xobeh
Sif Muna
Wu Jian
Zin

Annotations:
D:4 MrLeft's ghost, amateur DgCj


Innate Abilities, Weirdness & Mutations

You are resistant to torment.
Your stone body is resilient. (AC +4)
You are immune to poison.
You resist negative energy. (rN+)
You are resistant to electric shocks. (rElec)
You can survive without breathing.
You are immune to petrification.
You are immune to rotting.


Message History

MrLeft's ghost is severely damaged.
The adder bites you but does no damage.
MrLeft's ghost gestures at you while chanting.
The magic dart hits you!
* * * LOW HITPOINT WARNING * * *
You miss MrLeft's ghost.
MrLeft's ghost is severely damaged.
You block the adder's attack. The adder bites you but does no damage.
MrLeft's ghost keens inconsolably.
You block MrLeft's ghost's attack.
You barely miss MrLeft's ghost.
MrLeft's ghost is severely damaged.
The adder bites you but does no damage. MrLeft's ghost barely misses you.
The adder barely misses you.
MrLeft's ghost gestures at you while chanting.
The magic dart hits you!
* * * LOW HITPOINT WARNING * * *
The adder bites you but does no damage.
You closely miss the adder. The adder bites you.
You die...

# ### # #(. # #.# # #.# .# #
#.# .# ## #.# #'## .## #@#
##W..## ..# ###S# ##...S.##
.## ##.#W# ##.......##
..###########....###....?....#
...................'.........'
..###########...####...$.....#
.## #..## ##.......## ## #.##
##.....## . #.# ##...##


You could see MrLeft's ghost and an adder.

Vanquished Creatures
  An iguana (D:4)
  Jessica (D:3)
  An orc wizard (D:3)
  6 adders
  An adder skeleton (D:4)
  A worm (D:2)
  2 dart slugs
  9 orcs
  6 bats
  5 giant cockroaches
  4 goblins
  4 hobgoblins
  9 jackals
  3 quokkas (D:3)
  2 ball pythons
  5 frilled lizards
  3 kobolds
  A quokka skeleton (D:4)
  7 rats
71 creatures vanquished.

Notes
Turn   | Place    | Note
-------+----------+-------------------------------------------
     0 | D:1      | Zhenya24pyc the Gargoyle Fighter began the quest for the Orb.
     0 | D:1      | Reached XP level 1. HP: 14/14 MP: 1/1
    73 | D:1      | Reached XP level 2. HP: 19/19 MP: 2/2
   276 | D:1      | Reached skill level 3 in Maces & Flails
   468 | D:2      | Reached XP level 3. HP: 24/24 MP: 3/3
   783 | D:2      | Reached XP level 4. HP: 29/29 MP: 4/4
  1304 | D:3      | Noticed Jessica
  1307 | D:3      | Killed Jessica
  1307 | D:3      | Reached skill level 4 in Maces & Flails
  1605 | D:3      | Reached XP level 5. HP: 34/34 MP: 5/5
  1928 | D:3      | Found a white marble altar of Elyvilon.
  1959 | D:3      | Found a deep blue altar of Sif Muna.
  1959 | D:3      | Found an ornate altar of the Wu Jian Council.
  1962 | D:3      | Found a sparkling altar of Nemelex Xobeh.
  1964 | D:3      | Found a glowing silver altar of Zin.
  2263 | D:4      | Reached skill level 5 in Maces & Flails
  2301 | D:4      | Noticed MrLeft's ghost (amateur DgCj)
  2328 | D:4      | HP: 1/34 [MrLeft's ghost/magic dart (3)]
  2330 | D:4      | Slain by an adder

Skill      XL: |  1  2  3  4  5 |
---------------+----------------+-----
Maces & Flails | 3 4 5 |  5.0
Fighting       | 4 |  4.8
Armour         | |  3.2
Shields        | |  3.2

Action                   |  1- 3 |  4- 6 || total
-------------------------+-------+-------++-------
Melee: Flail             |   113 |   169 ||   282
  Eat: Chunk             |    14 |     8 ||    22
Armor: Scale mail        |    68 |    97 ||   165
Dodge: Dodged            |    31 |    63 ||    94
Block: Shield            |    77 |   103 ||   180
